 Dungeon Crawl Stone Soup version 0.22-a0-422-g9628fc8 (webtiles) character file.

24 Borgoz the Ducker (level 2, -1/16 HPs)
             Began as a Spriggan Abyssal Knight on May 16, 2018.
             Was a Follower of Lugonu.
             Slain by a gnoll
             ... wielding a cursed -1 spear
              (10 damage)
             ... on level 2 of the Dungeon.
             The game lasted 00:02:23 (1479 turns).

Borgoz the Ducker (Spriggan Abyssal Knight)         Turns: 1479, Time: 00:02:25

Health: -1/16      AC:  2    Str:  8    XL:     2   Next: 79%
Magic:  4/4        EV: 19    Int: 13    God:    Lugonu [*.....]
Gold:   39         SH:  0    Dex: 19    Spells: 1/1 levels left

rFire    . . .     SeeInvis +   d - +2 dagger (venom)
rCold    . . .     Gourm    .   (shield restricted)
rNeg     . . .     Faith    .   b - +0 robe
rPois    .         Spirit   .   (helmet restricted)
rElec    .         Reflect  .   (no cloak)
rCorr    .         Harm     .   (gloves unavailable)
MR       .....                  (boots unavailable)
Stlth    ++........             e - amulet of inaccuracy (curse)
HPRegen  0.05/turn              (no ring)
MPRegen  0.09/turn              (no ring)

@: very quick
A: very small, unfitting armour, see invisible, agile 2, herbivore, speed 3, low
mp 1, slow metabolism 2
a: Depart the Abyss, Renounce Religion


You were on level 2 of the Dungeon.
You worshipped Lugonu.
Lugonu was aware of your devotion.
You were not hungry.

You visited 1 branch of the dungeon, and saw 2 of its levels.
You visited the Abyss 1 time.

You collected 39 gold pieces.

Inventory:

Hand Weapons
 d - a +2 dagger of venom (weapon)
Armour
 b - a +0 robe (worn)
Jewellery
 e - a cursed amulet of inaccuracy (around neck)
Scrolls
 g - 2 scrolls of teleportation
 h - a scroll of fog {unknown}
 i - a scroll of amnesia {unknown}
 j - a scroll of remove curse {unknown}
Potions
 a - a potion of haste {unknown}
 f - a potion of brilliance {unknown}
Comestibles
 c - 2 rations


   Skills:
 * Level 2.7 Fighting
 * Level 2.7 Short Blades
 + Level 3.8 Dodging
 + Level 1.2 Stealth
 + Level 2.0 Invocations


You had one spell level left.
You didn't know any spells.
Your spell library was empty.

Dungeon Overview and Level Annotations

Branches:
Dungeon (2/15)

Altars:


Innate Abilities, Weirdness & Mutations

You are very small and have problems with some larger weapons.
You are too small for most types of armour.
You have supernaturally acute eyesight. (SInv)
You are a herbivore.
You cover ground extremely quickly.
You need to consume almost no food.
You are very agile. (Dex +4)
Your magical capacity is low. (-10% MP)


Message History

You barely miss the gnoll. The gnoll closely misses you.
The gnoll shouts!
You hit the gnoll.
The gnoll is poisoned.
The gnoll is moderately wounded.
The quokka completely misses you. The gnoll closely misses you.
You hit the gnoll.
The gnoll looks even sicker.
The gnoll is heavily wounded.
The quokka closely misses you. The gnoll misses you.
The quokka completely misses you.
You barely miss the gnoll.
The gnoll is heavily wounded.
The gnoll misses you. The gnoll closely misses you.
You hit the gnoll.
You kill the gnoll!
Lugonu accepts your kill.
Your Invocations skill increases to level 2!
The quokka closely misses you.
The gnoll hits you from afar with a spear!
Ouch! That really hurt!
You die...

#.# # ##.#.##....#. #.#
# .....##.#..#.##.# #
....#..#..#.##.# # .##
.........#.##.###
..$.#####.......#.##....
#.g....+.......#.##..##
#....#.......#.##..#
#.g.@.†............#
.......r..#.#.....##..#
.#+###....#.#.....##..#
....####.#...........
..<.. ..###.........
...... .## #.........
...... .. ....##..#.
...... .. ...#.# ..#.
....#.# .#


You could see 2 gnolls and a quokka.

Vanquished Creatures
  A gnoll (D:2)
  4 bats (D:1)
  4 goblins (D:1)
  2 hobgoblins (D:1)
  A quokka (D:2)
  A frilled lizard (D:1)
13 creatures vanquished.

Notes
Turn   | Place    | Note
-------+----------+-------------------------------------------
     0 | Abyss:1  | Borgoz the Spriggan Abyssal Knight began the quest for the Orb.
     0 | Abyss:1  | Reached XP level 1. HP: 11/11 MP: 3/3
   165 | Abyss:1  | Noticed a sixfirhy
   206 | Abyss:1  | Noticed a spatial maelstrom
   206 | Abyss:1  | Noticed a spatial vortex
   215 | Abyss:1  | Noticed a spatial vortex
   252 | Abyss:2  | Noticed a lich
   283 | Abyss:2  | Noticed a large abomination
   285 | D:1      | Escaped the Abyss
   624 | D:1      | Gained mutation: You are agile. (Dex +2) [potion of mutation]
   624 | D:1      | Gained mutation: Your magical capacity is low. (-10% MP) [potion of mutation]
   624 | D:1      | Gained mutation: You are very agile. (Dex +4) [potion of mutation]
   777 | D:1      | Reached XP level 2. HP: 7/16 MP: 4/4
   987 | D:1      | Reached skill level 1 in Stealth
  1479 | D:2      | Slain by a gnoll

Vault maps used:
D:1:      lightli_arrival_flooded_house, glass_columns_a,
          kennysheep_decorative_pillar
D:2:      chequers_ecumenical_altar_grove, uniq_jessica

Skill      XL: |  1  2 |
---------------+-------+-----
Stealth        | 1 |  1.2
Invocations    | 2 |  2.0
Fighting       | |  2.7
Short Blades   | |  2.7
Dodging        | |  3.8

Action                   || total
-------------------------++-------
Melee: Short sword       ||    24
       Dagger            ||    27
  Use: Potion            ||     2
       Scroll            ||     1
 Stab: Sleeping          ||     1
Armor: Robe              ||     3
Dodge: Dodged            ||    64

Table legend:
 A = Spawn XP
 B = Non-spawn XP
 C = Spawn XP percentage of total XP
 D = Spawn monster count
 E = Non-spawn monster count
 F = Spawn count percentage of total count
 G = Total turns spent on level
                    A         B        C        D         E        F      G
               +---------+---------+-------+---------+---------+-------+---------
         Total |       0 |      35 |   0.0 |       0 |      13 |   0.0 |  1479
               +---------+---------+-------+---------+---------+-------+---------
           D:1 |       0 |      19 |   0.0 |       0 |      11 |   0.0 |  1154
           D:2 |       0 |      16 |   0.0 |       0 |       2 |   0.0 |    40
               +---------+---------+-------+---------+---------+-------+---------
